 Dungeon Crawl Stone Soup version 0.28.0-47-ge53b351184 (webtiles) character file.

Game seed: 5179454182989510696

107 NinjaNoafa the Changer (level 4, 0/35 HPs)
             Began as a Draconian Transmuter on May 10, 2022.
             Succumbed to a scorpion's poison
             ... on level 2 of the Dungeon.
             The game lasted 00:02:53 (983 turns).

NinjaNoafa the Changer (Draconian Transmuter)        Turns: 983, Time: 00:02:54

Health: 0/35       AC:  7    Str: 12    XL:     4   Next: 56%
Magic:  6/8        EV: 12    Int: 16    God:
Gold:   60         SH:  0    Dex: 11    Spells: 7/8 levels left

rFire   . . .      SeeInvis .   a - +1 dagger (venom)
rCold   + . .      Faith    .   (no shield)
rNeg    . . .      Spirit   .   (armour unavailable)
rPois   .          Reflect  .   (helmet currently unavailable)
rElec   .          Harm     .   g - +1 cloak
rCorr   +          Rampage  .   (no gloves)
Will    .....                   (boots currently unavailable)
Stlth   +.........              (no amulet)
HPRegen 0.11/turn               b - ring of resist corrosion
MPRegen 0.11/turn               f - ring of protection from cold

@: mighty, lethally poisoned (0 -> -1), appendages (expiring), very slow
A: horns 2, talons 2, AC +5, unfitting armour, cold-blooded
a: End Transformation


You were on level 2 of the Dungeon.
You had temporarily grown beastly horns and talons.
You visited 1 branch of the dungeon, and saw 2 of its levels.

You collected 60 gold pieces.

Inventory:

Hand Weapons
 a - a +1 dagger of venom (weapon)
Missiles
 h - 37 stones
Armour
 g - a +1 cloak (worn)
Jewellery
 b - a ring of resist corrosion (left hand)
 f - a ring of protection from cold (right hand)
Scrolls
 e - a scroll of teleportation


   Skills:
 + Level 1.1 Fighting
 - Level 2.6 Dodging
 - Level 3.0 Unarmed Combat
 - Level 2.7 Spellcasting
 - Level 3.7 Transmutations


You had 7 spell levels left.
You knew the following spells:

 Your Spells              Type           Power      Damage    Failure   Level
a - Beastly Appendage     Tmut           28%        N/A       4%          1

Your spell library contained the following spells:

 Spells                   Type           Power      Damage    Failure   Level
 Wereblood                Tmut           14%        N/A       6%          2
 Spider Form              Tmut/Pois      8%         N/A       26%         3
 Sublimation of Blood     Necr           2%         N/A       28%         2
 Ice Form                 Ice/Tmut       8%         N/A       65%         4
 Summon Hydra             Summ           1%         N/A       100%        7


Dungeon Overview and Level Annotations

Branches:
Dungeon (2/15)

Altars:


Innate Abilities, Weirdness & Mutations

You have temporarily grown beastly horns and talons.
Your plain brown scales are hard. (AC +5)
You cannot fit into any form of body armour.
You are cold-blooded and may be slowed by cold attacks.


Message History

You kill the scorpion!
You feel very sick.
You have reached level 4!
You feel clever.
There is a lethal amount of poison in your body!
Okay, then.
It was a potion of might.
You feel very mighty all of a sudden.
You feel very sick.
As you read the scroll labelled COUTIE WAAK, it crumbles to dust.
It is a scroll of enchant armour.
Your +0 cloak glows green for a moment.
* * * LOW HITPOINT WARNING * * *
You feel very sick.
As you read the scroll labelled UVVUKE OGGEHAU, it crumbles to dust.
You feel strangely unstable.
It was a scroll of teleportation.
* * * LOW HITPOINT WARNING * * *
You feel sick.
Unknown command.
Okay, then.
Okay, then.
* * * LOW HITPOINT WARNING * * *
You feel sick.
* * * LOW HITPOINT WARNING * * *
You feel sick.
Your transformation is almost over.
* * * LOW HITPOINT WARNING * * *
You feel sick.
Your surroundings suddenly seem different.
A goblin comes into view. It is wielding a +0 club.
Found 4 gold pieces.
* * * LOW HITPOINT WARNING * * *
You feel sick.
* * * LOW HITPOINT WARNING * * *
You feel sick.
* * * LOW HITPOINT WARNING * * *
You feel sick.
You enter the shallow water.
Moving in this stuff is going to be slow.
You die...

############
##.≈..≈≈..≈.##
#≈.≈......≈..#.
.≈≈.....≈≈≈....#
≈≈≈.≈≈≈@≈≈≈≈.≈≈≈#
≈≈≈≈≈≈≈r≈≈≈≈≈≈≈≈≈
......≈..≈≈≈.≈.##
..$.≈...g≈.≈.....
#............####
##############


You could see a quokka (wandering) and a goblin.

Vanquished Creatures
  A scorpion (D:2)
  An adder (D:2)
  4 bats
  2 endoplasms (D:2)
  5 goblins
  7 hobgoblins
  2 quokkas
  4 ball pythons (D:1)
  4 frilled lizards
  4 kobolds (D:1)
  6 rats (D:1)
40 creatures vanquished.

Notes
Turn   | Place    | Note
-------+----------+-------------------------------------------
     0 | D:1      | NinjaNoafa the Draconian Transmuter began the quest for the
                  | Orb.
     0 | D:1      | Reached XP level 1. HP: 16/16 MP: 3/3
   136 | D:1      | Reached XP level 2. HP: 22/23 MP: 3/5
   632 | D:2      | Noticed a scorpion
   633 | D:2      | Reached XP level 3. HP: 27/28 MP: 6/6
   973 | D:2      | Killed a scorpion
   974 | D:2      | Reached XP level 4. HP: 17/35 MP: 5/8
   982 | D:2      | HP: 1/35 [poisoned by a scorpion]
   983 | D:2      | Succumbed to a scorpion's poison

Illustrated notes

Levels and vault maps discovered:
D:1:      kennysheep_arrival_forest, layout_rooms, patterned_corridor
D:2:      layout_basic, chequers_serial_rivers_small_3

Skill      XL: |  1  2  3 |
---------------+----------+-----
Dodging        | 2 |  2.6
Transmutations | 3 |  3.7
Fighting       | |  1.1
Unarmed Combat | |  3.0
Spellcasting   | |  2.7

Action                   |  1- 3 |  4- 6 || total
-------------------------+-------+-------++-------
Melee: Unarmed           |    34 |       ||    34
       Kick              |    20 |       ||    20
       Headbutt          |    10 |       ||    10
       Punch             |     4 |       ||     4
       Dagger            |    60 |       ||    60
       Tailslap          |     3 |       ||     3
 Cast: Beastly Appendage |    15 |       ||    15
  Use: Scroll            |       |     2 ||     2
       Potion            |       |     1 ||     1
Armor: Skin              |    42 |       ||    42
Dodge: Dodged            |    70 |       ||    70
